[Event "January 9 Early 2024"]
[Site "https://www.chess.com"]
[Date "2024.01.11"]
[Round "2"]
[White "Kobalia, Mikhail"]
[Black "Szczepanek, Radoslaw"]
[Result "1-0"]
[Board "44"]
[TimeControl "180+1"]
[WhiteFideId "4119150"]
[BlackFideId "1120395"]
[WhiteElo "2754"]
[BlackElo "2403"]
[WhiteTeam "FID"]
[BlackTeam "POL"]
[WhiteClock "0:01:44"]
[BlackClock "0:00:01"]

1. e4 c5 2. Nf3 Nc6 3. Bb5 a6 4. Bxc6 dxc6 5. O-O Qc7 6. a4 a5 7. Na3 e5 8. Nc4 f6 9. c3 Be6 10. b3 g5 11. d4 g4 12. Nh4 cxd4 13. cxd4 O-O-O 14. Bd2 Bxc4 15. bxc4 Rxd4 16. Qxg4+ Kb8 17. Be3 h5 18. Qf3 Rxc4 19. Ng6 Qh7 20. Nxf8 Qg7 21. Ne6 Qf7 22. Nc5 Nh6 23. Rfd1 Rg8 24. Rd7 Qg6 25. Rxb7+ 1-0

[Event "January 9 Early 2024"]
[Site "https://www.chess.com"]
[Date "2024.01.11"]
[Round "2"]
[White "Pichot, Alan"]
[Black "Lymar, Vladislav"]
[Result "1-0"]
[Board "45"]
[TimeControl "180+1"]
[WhiteFideId "110973"]
[BlackFideId "14162180"]
[WhiteElo "2820"]
[BlackElo "2546"]
[WhiteTeam "ESP"]
[BlackTeam "UKR"]
[WhiteClock "0:01:10"]
[BlackClock "0:00:38"]

1. e4 d6 2. d4 Nf6 3. Nc3 e5 4. Nge2 Be7 5. h3 c6 6. g4 h6 7. Bg2 Nbd7 8. O-O b5 9. a3 Bb7 10. Be3 Qc7 11. f4 a6 12. Ng3 g6 13. Qd2 h5 14. g5 Nh7 15. h4 O-O-O 16. Rad1 Nb6 17. b3 Nf8 18. Qf2 Nbd7 19. fxe5 dxe5 20. d5 cxd5 21. Nxd5 Bxd5 22. exd5 Bd6 23. Ne4 Kb8 24. c4 bxc4 25. bxc4 Rc8 26. Rb1+ Ka8 27. c5 Nxc5 28. Nxc5 1-0

[Event "January 9 Early 2024"]
[Site "https://www.chess.com"]
[Date "2024.01.11"]
[Round "2"]
[White "Hoffmann, Asa"]
[Black "Isajevsky, Anton"]
[Result "1-0"]
[Board "46"]
[TimeControl "180+1"]
[WhiteFideId "2001470"]
[BlackFideId "4142500"]
[WhiteElo "2369"]
[BlackElo "2623"]
[WhiteTeam "USA"]
[BlackTeam "RUS"]
[WhiteClock "0:01:58"]
[BlackClock "0:00:02"]

1. d4 d5 2. Bg5 h6 3. Bh4 c6 4. e3 Qb6 5. b3 Bf5 6. Bd3 Bxd3 7. Qxd3 e6 8. Nd2 Be7 9. Bg3 Nd7 10. Ngf3 Ngf6 11. h3 a5 12. a3 Qa6 13. c4 O-O 14. O-O c5 15. Rfc1 cxd4 16. exd4 a4 17. b4 dxc4 18. Qxc4 Qxc4 19. Rxc4 Rfc8 20. Rac1 Rxc4 21. Rxc4 Nd5 22. Ne4 Kf8 23. Nc5 Nxc5 24. dxc5 Ke8 25. Nd4 Kd7 26. b5 Bf6 27. c6+ bxc6 28. bxc6+ Ke7 29. Nb5 e5 30. Rc5 Nb6 31. Bxe5 Rc8 32. Bxf6+ Kxf6 33. c7 1-0

[Event "January 9 Early 2024"]
[Site "https://www.chess.com"]
[Date "2024.01.11"]
[Round "2"]
[White "Mazurkiewicz, Michal"]
[Black "Mammadov, Ziya"]
[Result "1-0"]
[Board "47"]
[TimeControl "180+1"]
[WhiteFideId "1124943"]
[BlackFideId "13418890"]
[WhiteElo "2434"]
[BlackElo "1967"]
[WhiteTeam "POL"]
[BlackTeam "AZE"]
[WhiteClock "0:01:35"]
[BlackClock "0:00:11"]

1. e4 e6 2. d3 d5 3. Nd2 dxe4 4. dxe4 Nf6 5. Ngf3 Nbd7 6. e5 Nd5 7. c4 N5b6 8. Be2 Be7 9. O-O O-O 10. b3 f6 11. Bb2 fxe5 12. Nxe5 Bf6 13. f4 Nxe5 14. fxe5 Bg5 15. Rxf8+ Qxf8 16. Ne4 Be7 17. a4 Nd7 18. Qc2 Nc5 19. Rf1 Qe8 20. Nf6+ gxf6 21. exf6 Qf7 22. fxe7 Qxe7 23. Bh5 e5 24. Rf7 Qxf7 25. Bxf7+ Kxf7 26. Qf2+ Ke8 27. Qxc5 1-0

[Event "January 9 Early 2024"]
[Site "https://www.chess.com"]
[Date "2024.01.11"]
[Round "2"]
[White "Cristobal, Manuel"]
[Black "Bogumil, Tatiana"]
[Result "1-0"]
[Board "48"]
[TimeControl "180+1"]
[WhiteFideId "112879"]
[BlackFideId "4110579"]
[WhiteElo "2703"]
[BlackElo "2101"]
[WhiteTeam "ARG"]
[BlackTeam "RUS"]
[WhiteClock "0:01:33"]
[BlackClock "0:00:02"]

1. d4 Nf6 2. Nf3 c5 3. e3 b6 4. c4 Bb7 5. d5 b5 6. a4 bxc4 7. Bxc4 d6 8. Nc3 g6 9. O-O Bg7 10. a5 Ba6 11. Bxa6 Nxa6 12. e4 Nd7 13. Bf4 O-O 14. Qd2 Re8 15. Bh6 Bh8 16. Qf4 Nb4 17. Ng5 Ne5 18. Qh4 Bf6 19. f4 Nc4 20. e5 dxe5 21. f5 Ne3 22. fxg6 hxg6 23. Bg7 Kxg7 24. Qh7+ 1-0

[Event "January 9 Early 2024"]
[Site "https://www.chess.com"]
[Date "2024.01.11"]
[Round "2"]
[White "Coelho, Ramyres Santana"]
[Black "Osmak, Yuliia"]
[Result "0-1"]
[Board "49"]
[TimeControl "180+1"]
[WhiteFideId "2120690"]
[BlackFideId "14101602"]
[WhiteElo "2292"]
[BlackElo "2519"]
[WhiteTeam "BRA"]
[BlackTeam "UKR"]
[WhiteClock "0:01:23"]
[BlackClock "0:00:33"]

1. e4 e5 2. Nf3 Nc6 3. d4 exd4 4. Bc4 Bb4+ 5. c3 dxc3 6. O-O d6 7. a3 Ba5 8. b4 Bb6 9. Nxc3 Nf6 10. Bg5 h6 11. Bh4 g5 12. Nxg5 hxg5 13. Bxg5 Rg8 14. h4 Bd4 15. Rc1 Be6 16. Qb3 Bxc4 17. Qxc4 Bxc3 18. Rxc3 Qe7 19. b5 Ne5 20. Qxc7 Qxc7 21. Rxc7 Nxe4 22. Rxb7 Nxg5 23. hxg5 O-O-O 24. Rxa7 Kb8 25. Re7 Rde8 26. Rxe8+ Rxe8 27. f4 Ng4 28. a4 Re4 29. a5 Rb4 30. b6 Rb5 31. Rd1 Rxa5 32. Rxd6 Ra1+ 33. Rd1 Rxd1# 0-1

[Event "January 9 Early 2024"]
[Site "https://www.chess.com"]
[Date "2024.01.11"]
[Round "2"]
[White "Salem, A.R. Saleh"]
[Black "Xie, Bryan"]
[Result "1-0"]
[Board "50"]
[TimeControl "180+1"]
[WhiteFideId "9301348"]
[BlackFideId "30941296"]
[WhiteElo "2970"]
[BlackElo "2423"]
[WhiteTeam "UAE"]
[BlackTeam "USA"]
[WhiteClock "0:01:33"]
[BlackClock "0:00:01"]

1. d4 d5 2. c4 dxc4 3. Nf3 Nf6 4. Nc3 e6 5. e4 a6 6. Bxc4 b5 7. Bd3 Bb7 8. O-O Nbd7 9. e5 Nd5 10. a4 b4 11. Ne4 c5 12. Nfg5 cxd4 13. Nxf7 Kxf7 14. Ng5+ Ke7 15. Qh5 Qe8 16. Qh3 Nxe5 17. Re1 Kd6 18. Qg3 Kc7 19. Qxe5+ Bd6 20. Nxe6+ Kc6 21. Nxd4+ Kd7 22. Qf5+ Kc7 23. Rxe8 Raxe8 24. Bd2 1-0

[Event "January 9 Early 2024"]
[Site "https://www.chess.com"]
[Date "2024.01.11"]
[Round "2"]
[White "Gutierrez Carmona, Juan Alejandro"]
[Black "Reprintsev, Alexander"]
[Result "1/2-1/2"]
[Board "51"]
[TimeControl "180+1"]
[WhiteFideId "5106770"]
[BlackFideId "14100541"]
[WhiteElo "2188"]
[BlackElo "2460"]
[WhiteTeam "MEX"]
[BlackTeam "UKR"]
[WhiteClock "0:00:32"]
[BlackClock "0:01:31"]

1. e4 d5 2. exd5 Qxd5 3. Nc3 Qa5 4. Nf3 Nc6 5. Bc4 Bg4 6. h3 Qh5 7. Be2 Bxf3 8. Bxf3 Qe5+ 9. Qe2 Qxe2+ 10. Nxe2 O-O-O 11. Bxc6 bxc6 12. d4 e6 13. Be3 Ne7 14. O-O-O Nf5 15. g4 Nxe3 16. fxe3 c5 17. c3 cxd4 18. exd4 c5 19. dxc5 Bxc5 20. Rxd8+ Rxd8 21. Rd1 Be3+ 22. Kc2 Rxd1 23. Kxd1 f5 24. Kc2 Kd7 25. Kd3 Bg5 26. c4 g6 27. b4 fxg4 28. hxg4 h5 29. gxh5 gxh5 30. Ke4 h4 31. Kf3 Bd2 32. a3 Kd6 33. Kg4 Be1 34. Nf4 a5 35. bxa5 Bxa5 36. Kxh4 Kc5 37. Nxe6+ Kxc4 38. Kg4 Kb3 39. Kf3 Kxa3 1/2-1/2

[Event "January 9 Early 2024"]
[Site "https://www.chess.com"]
[Date "2024.01.11"]
[Round "2"]
[White "Dyachuk, Artem"]
[Black "Khegay, Yuliya"]
[Result "1-0"]
[Board "52"]
[TimeControl "180+1"]
[WhiteFideId "34107924"]
[BlackFideId "14205394"]
[WhiteElo "2708"]
[BlackElo "2203"]
[WhiteTeam "UKR"]
[BlackTeam "UZB"]
[WhiteClock "0:01:39"]
[BlackClock "0:00:16"]

1. e4 c5 2. Nf3 Nc6 3. Bb5 g6 4. O-O Bg7 5. c3 Nf6 6. Re1 O-O 7. d4 cxd4 8. e5 Nd5 9. cxd4 d6 10. exd6 Qxd6 11. Nc3 Nxc3 12. bxc3 a6 13. Bxc6 Qxc6 14. Qd2 Be6 15. Ba3 Rfe8 16. Rac1 Bd5 17. Ne5 Bxe5 18. Rxe5 Bxg2 19. d5 Qf6 20. Rce1 Bh3 21. Qe3 Qh4 22. Bxe7 Qg4+ 23. Qg3 Qxg3+ 24. hxg3 Rac8 25. R1e3 Bd7 26. d6 Be6 27. Rxe6 fxe6 28. d7 Rcd8 29. dxe8=Q+ Rxe8 30. Bc5 Kf7 31. Bd4 Rc8 32. Rf3+ Ke7 33. Kg2 Rc6 34. Rf4 e5 35. Bxe5 Re6 36. Bd4 1-0

[Event "January 9 Early 2024"]
[Site "https://www.chess.com"]
[Date "2024.01.11"]
[Round "2"]
[White "Tarhan, Adar"]
[Black "Gevorgyan, Maria"]
[Result "1-0"]
[Board "53"]
[TimeControl "180+1"]
[WhiteFideId "34544712"]
[BlackFideId "13300270"]
[WhiteElo "2707"]
[BlackElo "2435"]
[WhiteTeam "TUR"]
[BlackTeam "ARM"]
[WhiteClock "0:01:29"]
[BlackClock "0:00:20"]

1. e4 c5 2. Nf3 Nc6 3. Bb5 g6 4. Bxc6 dxc6 5. h3 Bg7 6. O-O Nf6 7. d3 Nd7 8. a4 a5 9. Na3 e5 10. Nc4 O-O 11. Bd2 b6 12. Bc3 Qc7 13. Nh2 Ba6 14. Ne3 Rfe8 15. Qg4 Nf8 16. Qh4 Ne6 17. Nhg4 Kh8 18. f4 Nxf4 19. Rxf4 h5 20. Rff1 Re6 21. Nf5 gxf5 22. exf5 Rh6 23. Nxh6 Bxh6 24. Qxh5 Kh7 25. Bd2 Qd6 26. f6 Qf8 27. Rae1 c4 28. Rxe5 cxd3 29. Bxh6 Qxh6 30. Qxf7+ 1-0

[Event "January 9 Early 2024"]
[Site "https://www.chess.com"]
[Date "2024.01.11"]
[Round "2"]
[White "Iljin, Timofey"]
[Black "Zgadzaj, Rafal"]
[Result "1-0"]
[Board "54"]
[TimeControl "180+1"]
[WhiteFideId "14110180"]
[BlackFideId "1113712"]
[WhiteElo "2532"]
[BlackElo "2336"]
[WhiteTeam "UKR"]
[BlackTeam "POL"]
[WhiteClock "0:00:40"]
[BlackClock "0:00:56"]

1. e4 e6 2. d4 c5 3. c3 d5 4. Nd2 dxe4 5. Nxe4 cxd4 6. cxd4 Nf6 7. Nc3 Be7 8. Nf3 Nc6 9. Bd3 a6 10. O-O b5 11. a3 Bb7 12. Re1 O-O 13. Bb1 Rc8 14. Qd3 g6 15. Bh6 Re8 16. Ba2 Bf8 17. Bg5 h6 18. Bh4 Bg7 19. Rad1 Ne7 20. Ne5 Ned5 21. Ne4 g5 22. Nxg5 hxg5 23. Bxg5 Qc7 24. Bb1 Qc4 25. Qh3 Ne7 26. Bxf6 Bxf6 27. Qh7+ Kf8 28. Qxf7# 1-0

[Event "January 9 Early 2024"]
[Site "https://www.chess.com"]
[Date "2024.01.11"]
[Round "2"]
[White "Frayna, Janelle Mae"]
[Black "Guzman Lozano, Campo Elias"]
[Result "1-0"]
[Board "55"]
[TimeControl "180+1"]
[WhiteFideId "5212499"]
[BlackFideId "4403746"]
[WhiteElo "2465"]
[BlackElo "2160"]
[WhiteTeam "PHI"]
[BlackTeam "COL"]
[WhiteClock "0:01:56"]
[BlackClock "0:00:23"]

1. e4 c5 2. Nc3 Nc6 3. f4 g6 4. Nf3 d6 5. Bb5 Bd7 6. O-O Nd4 7. Bxd7+ Qxd7 8. d3 Bg7 9. Nxd4 cxd4 10. Ne2 Rc8 11. c4 b5 12. b3 f5 13. Bb2 fxe4 14. dxe4 bxc4 15. Bxd4 e5 16. Bc3 Nh6 17. fxe5 cxb3 18. axb3 Bxe5 19. Bxe5 dxe5 20. Qxd7+ Kxd7 21. Rxa7+ Kd6 22. b4 Rhf8 23. Rxh7 Rxf1+ 24. Kxf1 Ng4 25. h3 Rf8+ 26. Ke1 Nf2 27. Nc3 Nd3+ 28. Ke2 Nxb4 29. Rg7 Kc5 30. Rxg6 Kd4 31. Nd5 Nxd5 32. exd5 Kxd5 33. Ke3 Ra8 34. h4 Ra3+ 35. Kf2 Ke4 36. h5 Kf5 37. g4+ Kf4 38. h6 Rh3 39. g5 e4 40. Rg7 e3+ 41. Ke1 Rh2 42. h7 Kf5 43. g6 Kf6 44. Rg8 1-0

[Event "January 9 Early 2024"]
[Site "https://www.chess.com"]
[Date "2024.01.11"]
[Round "2"]
[White "Giri, Anish"]
[Black "Rozman, Levy"]
[Result "1/2-1/2"]
[Board "56"]
[TimeControl "180+1"]
[WhiteFideId "24116068"]
[BlackFideId "2039877"]
[WhiteElo "2985"]
[BlackElo "2656"]
[WhiteTeam "NED"]
[BlackTeam "USA"]
[WhiteClock "0:01:22"]
[BlackClock "0:00:07"]

1. d4 d5 2. c4 dxc4 3. Nf3 Nf6 4. e3 Bg4 5. Bxc4 e6 6. h3 Bh5 7. O-O Bd6 8. Nc3 Nc6 9. Re1 O-O 10. g4 Bg6 11. e4 Bb4 12. Bg5 h6 13. Bh4 Be7 14. Bg3 Bb4 15. Bh4 Be7 16. e5 Nd7 17. Bg3 Nb6 18. Bb3 a5 19. a3 Qd7 20. d5 exd5 21. Nxd5 Nxd5 22. Qd2 Rad8 23. Rad1 Nb6 24. Qf4 Qc8 25. Rc1 Nd5 26. Qa4 Nb6 27. Qf4 Nd5 28. Qa4 Nb6 29. Qf4 1/2-1/2

[Event "January 9 Early 2024"]
[Site "https://www.chess.com"]
[Date "2024.01.11"]
[Round "2"]
[White "Manon-og, Ramon Jr."]
[Black "Shubenkova, Veronika"]
[Result "0-1"]
[Board "57"]
[TimeControl "180+1"]
[WhiteFideId "5200776"]
[BlackFideId "44124040"]
[WhiteElo "2348"]
[BlackElo "2579"]
[WhiteTeam "PHI"]
[BlackTeam "RUS"]
[WhiteClock "0:00:02"]
[BlackClock "0:01:51"]

1. e4 e6 2. d3 d5 3. Nf3 Nf6 4. exd5 exd5 5. Be2 Bd6 6. O-O O-O 7. Bg5 Bg4 8. Nc3 c6 9. h3 Bh5 10. d4 Nbd7 11. Qd2 Qc7 12. Rac1 Rfe8 13. Rfe1 h6 14. Be3 Bb4 15. Qd3 Ne4 16. Nh4 Bxe2 17. Rxe2 Ndf6 18. Nxe4 Rxe4 19. Nf5 Rae8 20. c4 Qd7 21. Ng3 R4e7 22. c5 Ba5 23. Nf5 Re6 24. Nd6 R8e7 25. b4 Bc7 26. Nxb7 Nh5 27. Rec2 Rg6 28. Kf1 Nf4 29. Bxf4 Bxf4 30. Nd6 Bxc1 31. Rxc1 Qe6 32. a4 Qf6 33. b5 Qg5 34. Qxg6 Qxc1# 0-1

[Event "January 9 Early 2024"]
[Site "https://www.chess.com"]
[Date "2024.01.11"]
[Round "2"]
[White "Putri, Regita Desyari"]
[Black "Rajdeep Sarkar"]
[Result "1-0"]
[Board "58"]
[TimeControl "180+1"]
[WhiteFideId "7109083"]
[BlackFideId "25007963"]
[WhiteElo "2214"]
[BlackElo "2383"]
[WhiteTeam "INA"]
[BlackTeam "IND"]
[WhiteClock "0:01:16"]
[BlackClock "0:00:32"]

1. e4 e5 2. Nf3 Nc6 3. Bb5 a6 4. Ba4 Nf6 5. O-O Be7 6. Re1 b5 7. Bb3 d6 8. c3 O-O 9. h3 a5 10. a4 b4 11. d4 bxc3 12. Nxc3 exd4 13. Nxd4 Nxd4 14. Qxd4 Rb8 15. Bc2 c6 16. b3 Be6 17. Rb1 Nd7 18. Ba3 Nc5 19. b4 Bf6 20. Qd2 axb4 21. Bxb4 Qc7 22. e5 Rxb4 23. exf6 Rxb1 24. Qg5 Rxe1+ 25. Kh2 d5+ 26. g3 g6 27. Qh6 1-0

[Event "January 9 Early 2024"]
[Site "https://www.chess.com"]
[Date "2024.01.11"]
[Round "2"]
[White "Skvortsov, Andrei"]
[Black "Darmanin, Jake"]
[Result "1-0"]
[Board "59"]
[TimeControl "180+1"]
[WhiteFideId "24108600"]
[BlackFideId "5601061"]
[WhiteElo "2669"]
[BlackElo "2320"]
[WhiteTeam "MNE"]
[BlackTeam "MLT"]
[WhiteClock "0:01:34"]
[BlackClock "0:00:34"]

1. e4 e5 2. d4 exd4 3. Qxd4 Nc6 4. Qd3 Nf6 5. Nc3 Bb4 6. Bd2 O-O 7. O-O-O d6 8. Nge2 Ne5 9. Qg3 Nh5 10. Qg5 Qxg5 11. Bxg5 f6 12. Bh4 g5 13. Bg3 Nxg3 14. fxg3 Ng4 15. Rd2 Bc5 16. h3 Nf2 17. Rh2 Be3 18. Nd4 Re8 19. Bc4+ Kf8 20. Nd5 Nxe4 21. Nxe3 Nxd2 22. Kxd2 c6 23. g4 d5 24. Bd3 h6 25. Rh1 a6 26. Rf1 c5 27. Ndf5 c4 28. Be2 Bxf5 29. Rxf5 Kg7 30. Rxd5 Rad8 31. Nf5+ Kh7 32. Bxc4 Rxd5+ 33. Bxd5 Rd8 34. c4 b5 35. b3 Kg6 36. Kc3 bxc4 37. bxc4 h5 38. Kd4 hxg4 39. hxg4 Rb8 40. c5 Rb2 41. c6 Rd2+ 42. Kc5 Rc2+ 43. Kd6 1-0

[Event "January 9 Early 2024"]
[Site "https://www.chess.com"]
[Date "2024.01.11"]
[Round "2"]
[White "Cruz, William Ferreira Da"]
[Black "Matinian, Nikita"]
[Result "0-1"]
[Board "60"]
[TimeControl "180+1"]
[WhiteFideId "2118050"]
[BlackFideId "24129100"]
[WhiteElo "2313"]
[BlackElo "2721"]
[WhiteTeam "BRA"]
[BlackTeam "FID"]
[WhiteClock "0:00:15"]
[BlackClock "0:01:37"]

1. d4 Nf6 2. c4 g6 3. Nc3 Bg7 4. e4 d6 5. Nf3 O-O 6. Be2 e5 7. O-O Na6 8. Be3 Ng4 9. Bg5 Qe8 10. Rb1 exd4 11. Nxd4 Nxh2 12. Kxh2 Qe5+ 13. f4 Qxd4 14. Qxd4 Bxd4 15. Nd5 f6 16. Bh4 Kg7 17. Rfd1 c5 18. Be1 Be6 19. Nc3 Nc7 20. Bd3 Rae8 21. Ne2 Be3 22. Bd2 Bxd2 23. Rxd2 Bg4 24. Nc3 Ne6 25. Kg3 f5 26. exf5 Bxf5 27. Bxf5 Rxf5 28. Rxd6 Nxf4 29. Rd7+ Kh6 30. Rh1+ Nh5+ 31. Kh2 Re2 32. Rxb7 Rc2 0-1

[Event "January 9 Early 2024"]
[Site "https://www.chess.com"]
[Date "2024.01.11"]
[Round "2"]
[White "Andreassen, Lars"]
[Black "Onyshchuk, Volodymyr"]
[Result "0-1"]
[Board "61"]
[TimeControl "180+1"]
[WhiteFideId "1504878"]
[BlackFideId "14114038"]
[WhiteElo "2247"]
[BlackElo "2712"]
[WhiteTeam "NOR"]
[BlackTeam "UKR"]
[WhiteClock "0:00:38"]
[BlackClock "0:00:57"]

1. d4 d6 2. Nf3 g6 3. e4 Bg7 4. Nc3 Nf6 5. Be3 c6 6. a4 Nbd7 7. Bc4 O-O 8. O-O e5 9. Qd2 Qe7 10. Rfe1 Re8 11. Bg5 Qf8 12. Rad1 h6 13. Bh4 Nb6 14. Bb3 Bg4 15. a5 Nbd7 16. Kh1 Bxf3 17. gxf3 exd4 18. Qxd4 Nxe4 19. Qd3 Ndc5 20. Qf1 Nxc3 21. bxc3 d5 22. c4 d4 23. f4 Rxe1 24. Rxe1 Re8 25. Rd1 Re4 26. Bg3 Qe7 27. f5 gxf5 28. Qg1 Qg5 29. f4 Qg4 30. Rd3 Re2 31. Bf2 Nxd3 32. cxd3 Qf3+ 33. Qg2 Rxf2 0-1

[Event "January 9 Early 2024"]
[Site "https://www.chess.com"]
[Date "2024.01.11"]
[Round "2"]
[White "Pappelis, Dimitrios"]
[Black "Zimmermann, Ulrich"]
[Result "0-1"]
[Board "62"]
[TimeControl "180+1"]
[WhiteFideId "4215281"]
[BlackFideId "24654523"]
[WhiteElo "2147"]
[BlackElo "2460"]
[WhiteTeam "GRE"]
[BlackTeam "GER"]
[WhiteClock "0:00:04"]
[BlackClock "0:01:44"]

1. Nf3 Nf6 2. c4 e6 3. g3 Be7 4. Bg2 O-O 5. O-O d5 6. b3 a6 7. Bb2 b5 8. cxd5 exd5 9. d4 Nbd7 10. Nbd2 Bb7 11. Rc1 Bd6 12. Qc2 Re8 13. e3 Rc8 14. Qf5 g6 15. Qg5 Kg7 16. Ne5 h6 17. Qf4 Qe7 18. Ndf3 Nh5 19. Qh4 Ndf6 20. g4 g5 21. Qh3 Ra8 22. gxh5 Bc8 23. Qg3 Nxh5 24. Nc6 Qf6 25. Nfe5 Nxg3 26. fxg3 Qe6 27. Rxf7+ Qxf7 28. Nxf7 Kxf7 29. Bxd5+ Be6 30. Bxe6+ Rxe6 31. Kf2 Rae8 32. Re1 Bxg3+ 33. Kxg3 Rxc6 34. d5 Rc2 35. Bd4 Rxa2 36. e4 Rd2 37. Ba1 Rd3+ 38. Kg4 Kg6 39. e5 h5# 0-1

[Event "January 9 Early 2024"]
[Site "https://www.chess.com"]
[Date "2024.01.11"]
[Round "2"]
[White "Garbarino, Rodolfo"]
[Black "Tuncer, Tuna"]
[Result "0-1"]
[Board "63"]
[TimeControl "180+1"]
[WhiteFideId "100412"]
[BlackFideId "6349269"]
[WhiteElo "2365"]
[BlackElo "2620"]
[WhiteTeam "ARG"]
[BlackTeam "TUR"]
[WhiteClock "0:00:08"]
[BlackClock "0:01:07"]

1. e4 g6 2. d4 Bg7 3. Nc3 a6 4. Be3 b5 5. Qd2 Bb7 6. f3 d6 7. O-O-O Nd7 8. h4 h5 9. Nh3 Rc8 10. Ng5 c5 11. g3 b4 12. Ne2 Qa5 13. Kb1 cxd4 14. Nxd4 Ne5 15. b3 Nf6 16. Be2 Rc3 17. Bf2 O-O 18. Rhg1 d5 19. exd5 Nxd5 20. g4 Rxf3 21. Ngxf3 Nc3+ 22. Qxc3 bxc3 23. Ka1 Qa3 24. Rb1 Nxg4 25. Ng5 Nxf2 0-1

[Event "January 9 Early 2024"]
[Site "https://www.chess.com"]
[Date "2024.01.11"]
[Round "2"]
[White "Bachmann, Axel"]
[Black "McCoy, Owen"]
[Result "1-0"]
[Board "64"]
[TimeControl "180+1"]
[WhiteFideId "3700488"]
[BlackFideId "30924502"]
[WhiteElo "2898"]
[BlackElo "2589"]
[WhiteTeam "PAR"]
[BlackTeam "USA"]
[WhiteClock "0:01:31"]
[BlackClock "0:00:10"]

1. e4 e5 2. Nf3 Nc6 3. g3 Nf6 4. d3 Bc5 5. Bg2 d6 6. c3 Bb6 7. Nbd2 h6 8. Nc4 O-O 9. a4 Be6 10. Qe2 d5 11. exd5 Bxd5 12. O-O Re8 13. Nfd2 Bxg2 14. Kxg2 Qd5+ 15. Ne4 Rad8 16. Qf3 Nxe4 17. Qxe4 Qxd3 18. Qxd3 Rxd3 19. Re1 f6 20. h4 h5 21. a5 Bc5 22. Ra4 a6 23. Nd2 Bf8 24. Ne4 Kf7 25. Be3 Rd5 26. b4 Rd3 27. Ra2 Red8 28. Rb1 Rd1 29. Rbb2 R1d3 30. b5 axb5 31. Rxb5 R3d5 32. Rxb7 Nxa5 33. Rxc7+ Kg6 34. c4 1-0

[Event "January 9 Early 2024"]
[Site "https://www.chess.com"]
[Date "2024.01.11"]
[Round "2"]
[White "Seo, Jung Min"]
[Black "Pourkashiyan, Atousa"]
[Result "1-0"]
[Board "65"]
[TimeControl "180+1"]
[WhiteFideId "1734687"]
[BlackFideId "12502014"]
[WhiteElo "2859"]
[BlackElo "2481"]
[WhiteTeam "SWE"]
[BlackTeam "USA"]
[WhiteClock "0:01:23"]
[BlackClock "0:00:11"]

1. d4 Nf6 2. c4 e6 3. Nc3 Bb4 4. f3 d5 5. a3 Bxc3+ 6. bxc3 O-O 7. cxd5 exd5 8. e3 c5 9. Bd3 b6 10. Ne2 Ba6 11. O-O Bxd3 12. Qxd3 Nc6 13. a4 Na5 14. Ng3 Re8 15. Rb1 Rc8 16. e4 cxd4 17. cxd4 Rc4 18. e5 Nd7 19. Nf5 Rxa4 20. Qb5 Ra2 21. Qxd5 Re2 22. Nd6 Re7 23. Bg5 Nf8 24. Rbc1 h6 25. Bxe7 Qxe7 26. Rc8 Rb2 27. f4 Nb3 28. Re8 Qd7 29. Qa8 Qg4 30. Rxf8+ Kh7 31. Rh8+ Kg6 32. Qe4+ Kh5 33. h3 1-0

[Event "January 9 Early 2024"]
[Site "https://www.chess.com"]
[Date "2024.01.11"]
[Round "2"]
[White "Weetik, Vjacheslav"]
[Black "Mizzi, Jack"]
[Result "1-0"]
[Board "66"]
[TimeControl "180+1"]
[WhiteFideId "4153472"]
[BlackFideId "5602521"]
[WhiteElo "2766"]
[BlackElo "2477"]
[WhiteTeam "RUS"]
[BlackTeam "MLT"]
[WhiteClock "0:01:20"]
[BlackClock "0:00:03"]

1. d4 Nf6 2. c4 e6 3. g3 d5 4. Nf3 dxc4 5. Bg2 Bd7 6. Ne5 Bc6 7. Nxc6 Nxc6 8. e3 Qd7 9. O-O O-O-O 10. Qa4 Nd5 11. Qxc4 h5 12. h3 h4 13. g4 f5 14. gxf5 exf5 15. Nc3 Nb6 16. Qb3 f4 17. d5 Na5 18. Qd1 Bb4 19. exf4 Bxc3 20. bxc3 Nxd5 21. Qf3 Rhf8 22. Rd1 c6 23. Ba3 Rxf4 24. Rxd5 Rxf3 25. Rxd7 Rxd7 26. Bxf3 Nc4 27. Bg4 Nxa3 28. Rd1 1-0

[Event "January 9 Early 2024"]
[Site "https://www.chess.com"]
[Date "2024.01.11"]
[Round "2"]
[White "Parra Gomez, Adrian"]
[Black "Klukin, Kirill"]
[Result "1-0"]
[Board "67"]
[TimeControl "180+1"]
[WhiteFideId "3513106"]
[BlackFideId "24199273"]
[WhiteElo "2431"]
[BlackElo "2813"]
[WhiteTeam "CUB"]
[BlackTeam "RUS"]
[WhiteClock "0:01:17"]
[BlackClock "0:00:15"]

1. d4 Nf6 2. c4 c5 3. d5 b5 4. cxb5 a6 5. Nc3 g6 6. e3 Bg7 7. a4 O-O 8. e4 d6 9. Nf3 axb5 10. Bxb5 Ba6 11. Nd2 Nfd7 12. Ra3 Bxb5 13. Nxb5 Na6 14. O-O Nc7 15. Nxc7 Qxc7 16. Qc2 Rfb8 17. Nc4 Nb6 18. b3 Nxc4 19. bxc4 Rb4 20. Bd2 Rb2 21. Qc1 Rab8 22. a5 Qa7 23. Bc3 Bxc3 24. Qxc3 Qa6 25. h4 h5 26. Rfa1 R8b4 27. e5 Re2 28. e6 fxe6 29. Qd3 Re5 30. Qxg6+ Kf8 31. dxe6 1-0

[Event "January 9 Early 2024"]
[Site "https://www.chess.com"]
[Date "2024.01.11"]
[Round "2"]
[White "Zemlyanskii, Ivan"]
[Black "Principe, Gerson"]
[Result "1-0"]
[Board "68"]
[TimeControl "180+1"]
[WhiteFideId "24249971"]
[BlackFideId "3804550"]
[WhiteElo "2999"]
[BlackElo "2645"]
[WhiteTeam "RUS"]
[BlackTeam "PER"]
[WhiteClock "0:01:03"]
[BlackClock "0:00:34"]

1. d4 Nf6 2. c4 e6 3. Bf4 b6 4. Nc3 Bb7 5. e3 Bb4 6. Ne2 O-O 7. a3 Be7 8. d5 d6 9. e4 e5 10. Bd2 Nbd7 11. Ng3 Ne8 12. Bd3 Bg5 13. O-O Bxd2 14. Qxd2 a5 15. b4 g6 16. Nge2 Ng7 17. Rab1 Qe7 18. Nb5 Rfc8 19. Nec3 f6 20. Rb2 axb4 21. axb4 Ba6 22. Ra2 Bxb5 23. Nxb5 Nf8 24. Rfa1 Rxa2 25. Rxa2 Ne8 26. Ra7 Qd8 27. Qa2 Rb8 28. Qa6 Qc8 29. Qa3 Rb7 30. Ra8 Rb8 31. Ra6 Rb7 32. h3 Rb8 33. Na7 Qd7 34. Nc6 Rc8 35. Bc2 Qf7 36. Ra8 Qd7 37. Rxc8 1-0

[Event "January 9 Early 2024"]
[Site "https://www.chess.com"]
[Date "2024.01.11"]
[Round "2"]
[White "Molenda, Marcin"]
[Black "Yeremyan, Alen"]
[Result "0-1"]
[Board "69"]
[TimeControl "180+1"]
[WhiteFideId "1173065"]
[BlackFideId "13308998"]
[WhiteElo "2490"]
[BlackElo "2772"]
[WhiteTeam "POL"]
[BlackTeam "ARM"]
[WhiteClock "0:00:05"]
[BlackClock "0:01:38"]

1. d4 Nf6 2. c4 g6 3. Nc3 d5 4. Nf3 Bg7 5. Qb3 dxc4 6. Qxc4 O-O 7. e4 Nc6 8. Be2 Bg4 9. Be3 Bxf3 10. gxf3 e5 11. d5 Nd4 12. Bxd4 exd4 13. Qxd4 Nh5 14. Qe3 Qh4 15. O-O-O Nf4 16. Kb1 Rfe8 17. Bb5 Re7 18. Rhg1 Be5 19. Ne2 Qf6 20. Nxf4 Bxf4 21. Qb3 Bxh2 22. Rh1 Be5 23. Be2 Ree8 24. Rdg1 a5 25. Rg4 a4 26. Qa3 b5 27. Bxb5 Reb8 28. f4 Bd4 29. Qd3 Ra5 30. e5 Qb6 31. Rxh7 Rxb5 32. b3 Kxh7 33. Rh4+ Kg7 34. Qh3 Rxb3+ 35. axb3 Qxb3+ 36. Qxb3 Rxb3+ 37. Kc2 Rc3+ 38. Kd2 a3 39. f5 Bxe5 0-1